 Dungeon Crawl Stone Soup version 0.29-a0-878-g7b45a56547 (webtiles) character file.

Game seed: 13595723873224247321

1575 buhh the Summoner (level 9, 0/62 HPs)
             Began as a Meteoran Summoner on July 19, 2022.
             Was an Initiate of Ashenzari.
             Slain by an orc wizard
             ... wielding a +0 dagger
              (2 damage)
             ... on level 7 of the Dungeon.
             The game lasted 00:13:54 (3029 turns).

buhh the Summoner (Meteoran Summoner)               Turns: 3029, Time: 00:13:55

Health: 0/62       AC:  4    Str: 10    XL:     9   Next: 36%
Magic:  21/24      EV: 13    Int: 23    God:    Ashenzari [......]
Gold:   251        SH:  0    Dex: 16    Spells: 2/15 levels left

rFire   + . .      SeeInvis .   i - +0 dagger (flame)
rCold   + + .      Faith    .   (no shield)
rNeg    + . .      Spirit   .   a - +0 robe
rPois   +          Reflect  .   p - +1 helmet
rElec   +          Harm     .   (no cloak)
rCorr   +          Rampage  .   (no gloves)
Will    +....                   (no boots)
Stlth   +.........              (no amulet)
HPRegen 0.20/turn               j - ring of magical power
MPRegen 0.19/turn               h - ring "Veludaco" {Wiz rC+ rN+ Int+3}

@: resistant, glowing, studying Transmutations
A: sense surroundings 2, otherworldly, glowing, explore regen
a: Renounce Religion, Curse Item


You were on level 7 of the Dungeon.
You worshipped Ashenzari.
Ashenzari was noncommittal.
You visited 2 branches of the dungeon, and saw 8 of its levels.

You collected 251 gold pieces.

Inventory:

Hand Weapons
 f - a +0 hand axe
 i - a +0 dagger of flaming (weapon)
Armour
 a - a +0 robe (worn)
 p - a +1 helmet (worn)
Magical Staves
 d - a staff of fire
Jewellery
 g - a ring of magical power
 h - the ring "Veludaco" (right hand) {Wiz rC+ rN+ Int+3}
   (You acquired it on level 5 of the Dungeon)

   [ring of wizardry]

   It improves your spell success rate.
   Int:       It affects your intelligence (+3).
   rC:        It protects you from cold.
   rN:        It protects you from negative energy.
 j - a ring of magical power (left hand)
 m - a ring of willpower
Scrolls
 k - a scroll of torment
Potions
 l - a potion of might {unknown}
 n - a potion of curing {unknown}
 o - a potion of heal wounds {unknown}
 q - 3 potions of magic {!d}


   Skills:
 - Level 3.0 Dodging
 - Level 1.8 Stealth
 - Level 3.5 Spellcasting
 + Level 10.4 Summonings
 * Level 8.3 Air Magic


You had 2 spell levels left.
You knew the following spells:

 Your Spells              Type           Power      Damage    Failure   Level
a - Summon Small Mammal   Summ           100%       N/A       1%          1
b - Call Imp              Summ           51%        N/A       1%          2
c - Call Canine Familiar  Summ           51%        N/A       1%          3
d - Summon Guardian Gole  Hex/Summ       28%        N/A       1%          3
e - Summon Lightning Spi  Summ/Air       47%        N/A       1%          4

Your spell library contained the following spells:

 Spells                   Type           Power      Damage    Failure   Level
 Conjure Ball Lightning   Conj/Air       11%        3x3d6     71%         6
 Fireball                 Conj/Fire      2%         3d4       73%         5
 Iskenderun's Battlesphe  Conj           4%         2d6       73%         5
 Orb of Destruction       Conj           2%         9d5       100%        7


Dungeon Overview and Level Annotations

Branches:
Dungeon (7/15) Zot: 1215   Temple (1/1) D:5 Zot: 555

Altars:
Ashenzari
Dithmenos
Elyvilon
Hepliaklqana
Kikubaaqudgha
Nemelex Xobeh
Qazlal
Ru
Sif Muna
Trog
Wu Jian
Xom
Yredelemnul

Shops:
D:2 =   D:7 :

Annotations:
D:2 Sigmund
D:4 3 runed translucent doors, Spectrina's ghost, amateur MeMo
D:5 1 runed translucent door, Crazy Yiuf


Innate Abilities, Weirdness & Mutations

You passively map the area around you.
You are easily found by Zot.
You glow in the dark.
You regain HP and MP as you explore.


Message History

You hit the ice beast but do no damage.
The ice beast is moderately wounded.
The grasping roots constrict the ice beast.
The grasping roots constrict the gnoll!
The grasping roots constrict the gnoll.
The roots release their grip on the gnoll. x2
The ice beast hits you but does no damage.
The gnoll barely misses your lightning spire.
You hit the ice beast.
You melt the ice beast.
You punch the ice beast, but do no damage.
The ice beast is heavily wounded.
The grasping roots constrict the ice beast!
The roots release their grip on the ice beast.
The ice beast hits you. The ice beast freezes you. You resist.
The gnoll hits your lightning spire but does no damage.
The gnoll hits you with a +0 flail! Something hits you.
You barely miss something. The ice beast hits you. The ice beast freezes you.
You resist.
The gnoll hits your lightning spire with a +0 flail.
The gnoll hits you with a +0 flail!
Your lightning spire shoots out a bolt of lightning at the ice beast!
The bolt of electricity hits the ice beast!
The ice beast dies!
The bolt of electricity hits your lightning spire.
Your lightning spire completely resists.
Something hits you.
You miss something. The gnoll hits you with a +0 flail. Something hits you.
* * * LOW HITPOINT WARNING * * *
You barely miss something. The gnoll hits you with a +0 flail.
* * * LOW HITPOINT WARNING * * *
The gnoll hits you with a +0 flail.
* * * LOW HITPOINT WARNING * * *
Something hits you but does no damage.
It was a potion of resistance.
You feel protected. The gnoll hits you with a +0 flail.
* * * LOW HITPOINT WARNING * * *
The gnoll hits you with a +0 flail.
* * * LOW HITPOINT WARNING * * *
Something hits you.
You die...

, *..#
.#*,...### ,
,, , .., .#
.....## , ,,
* ,,, #..
.#.).)... *,
, , , #..
#.#......,,
,, * *
#..###<.## ,
,, *
#.!......##,
* ** ,
#.#..#....#
* * * *
##.8#8#8## ,
*
#....{@g#*,
* #.>.∩8g.#
* , * *
#....)..# *
, * * ,*
##8.8.8....?
, * , *
##.....####
, *, * *
####..# * ,
, , #.... *
##.##g , , *
.#** ,


You could see 2 gnolls and a friendly lightning spire (summoned).

Vanquished Creatures
  A gnoll (D:7)
  A dart slug (D:1)
  5 orcs
  3 bats
  An endoplasm (D:1)
  A giant cockroach (D:1)
  2 goblins
  A hobgoblin (D:3)
  2 jackals
  A quokka (D:4)
  5 ball pythons
  4 frilled lizards
  3 kobolds
  4 rats
34 creatures vanquished.

Vanquished Creatures (collateral kills)
  A two-headed ogre (D:6)
  4 ice beasts
  2 ogres
  A bullfrog (D:6)
  A gnoll sergeant (D:6)
  A hound (D:6)
  A jelly (D:5)
  2 iguanas
  An orc wizard (D:5)
  4 gnolls
  An adder (D:6)
  3 worms (D:3)
  2 dart slugs
  8 orcs
  2 bats (D:1)
  2 endoplasms
  A giant cockroach (D:1)
  4 goblins
  6 hobgoblins
  9 jackals
  2 kobolds
  2 quokkas (D:2)
  A ball python (D:2)
  A frilled lizard (D:3)
  2 rats
64 creatures vanquished.

Vanquished Creatures (others)
  A hound (D:5)
  A fungus (D:5)
2 creatures vanquished.

Grand Total: 100 creatures vanquished

Notes
Turn   | Place    | Note
-------+----------+-------------------------------------------
     0 | D:1      | buhh the Meteoran Summoner began the quest for the Orb.
     0 | D:1      | Reached XP level 1. HP: 14/14 MP: 5/5
   119 | D:1      | Reached XP level 2. HP: 20/20 MP: 6/6
   156 | D:1      | Reached skill level 5 in Summonings
   211 | D:1      | Reached XP level 3. HP: 13/26 MP: 8/8
   368 | D:1      | Learned a level 2 spell: Call Imp
   501 | D:1      | Glimpsed the power of Zot.
   524 | D:2      | Noticed Sigmund
   531 | D:2      | Found Duychah's One-of-a-Kind Rings.
   632 | D:2      | Reached XP level 4. HP: 24/33 MP: 10/10
   671 | D:2      | Learned a level 3 spell: Call Canine Familiar
   915 | D:4      | Found a shimmering altar of Xom.
   928 | D:5      | Entered Level 5 of the Dungeon
   945 | D:4      | Found a shadowy altar of Dithmenos.
   994 | D:4      | Reached skill level 6 in Summonings
   994 | D:4      | Reached XP level 5. HP: 18/38 MP: 11/11
  1496 | D:3      | Learned a level 3 spell: Summon Guardian Golem
  1764 | D:4      | Found a sparkling altar of Nemelex Xobeh.
  1832 | D:4      | Noticed an ogre
  1888 | D:4      | Killed an ogre
  1889 | D:4      | Reached skill level 7 in Summonings
  1889 | D:4      | Reached XP level 6. HP: 26/45 MP: 12/12
  1977 | D:4      | Found a runed translucent gate.
  1977 | D:4      | Noticed Spectrina's ghost (amateur MeMo)
  1978 | D:4      | Found a runed translucent gate.
  1978 | D:4      | Identified the +9 short sword of Tomorrow {vorpal, Dex+7}
  1979 | D:4      | Found a runed translucent gate.
  2212 | D:5      | Found a basalt altar of Yredelemnul.
  2214 | D:6      | Noticed a cyclops
  2254 | D:5      | Reached skill level 8 in Summonings
  2272 | D:5      | Found a runed translucent door.
  2273 | D:5      | Noticed Crazy Yiuf
  2343 | D:5      | Noticed an ogre
  2353 | D:5      | Killed an ogre
  2354 | D:5      | Reached XP level 7. HP: 50/50 MP: 13/13
  2364 | D:5      | Learned a level 4 spell: Summon Lightning Spire
  2379 | D:5      | Reached skill level 1 in Air Magic
  2388 | D:5      | Found a staircase to the Ecumenical Temple.
  2411 | Temple   | Entered the Ecumenical Temple
  2445 | Temple   | Became a worshipper of Ashenzari the Shackled
  2495 | D:5      | Identified a scroll of acquirement
  2495 | D:5      | Acquired the ring "Veludaco" {Wiz rC+ rN+ Int+3}
  2604 | D:6      | Noticed a two-headed ogre
  2613 | D:5      | Found a sacrificial altar of Ru.
  2771 | D:6      | Reached skill level 9 in Summonings
  2775 | D:6      | Reached XP level 8. HP: 33/57 MP: 14/14
  2871 | D:6      | Killed a two-headed ogre
  2872 | D:6      | Reached skill level 10 in Summonings
  2872 | D:6      | Gained mutation: You passively map the area around you.
                  | [Meteoran growth]
  2872 | D:6      | Reached XP level 9. HP: 62/62 MP: 15/15
  2912 | D:6      | Found a shimmering blue altar of Sif Muna.
  2979 | D:6      | Found an ancient bone altar of Kikubaaqudgha.
  3006 | D:7      | Found Raroagri's Book Shop.
  3029 | D:7      | HP: 3/62 [gnoll/+0 flail (5)]
  3029 | D:7      | Slain by an orc wizard

Illustrated notes

Levels and vault maps discovered:
D:1:      dpeg_arrival_rooms_with_view, layout_basic
D:2:      layout_loops_ring, ebering_ecumenical_altar_hall,
          nicolae_shop_unique_rings, chequers_serial_rivers_micro_c,
          uniq_sigmund
D:3:      layout_basic
D:4:      layout_rooms, nemelex_diamond_rough_becter, overflow_temple_1_default,
          nicolae_dithmenos_the_darkroom, biasface_ghost_orc_armoury
D:5:      layout_loops_ring, nicolae_ru_sacrificial_ziggurat,
          mainiacjoe_overflow_brackets, minmay_temple_entry_stoned_glass,
          lemuel_flame_loot_1, uniq_crazy_yiuf_cottage
D:6:      layout_loops_corners, mainiacjoe_overflow_six_doors_small,
          mainiacjoe_overflow_small_starburst, minmay_manual_mail
D:7:      hellmonk_ruined_rings, layout_loops_ring, serial_co_window_serial,
          co_window_of_opportunity_a, co_window_of_opportunity_a,
          co_window_paths_a, co_window_of_opportunity_a, co_window_corner_a,
          co_window_2corner, co_window_of_opportunity_b,
          co_window_of_opportunity_b, co_window_broadway_b, co_window_corner_ca,
          co_window_unsneaky_path_d, co_window_4corner_a, glass_columns_a,
          glass_columns_a, glass_columns_a, glass_columns_a, serial_shops,
          nicolae_stop_n_shop_2, minmay_ruffians
Temple:   hc_temple_tempest_star

Skill      XL: |  1  2  3  4  5  6  7  8  9 |
---------------+----------------------------+-----
Summonings     | 5 6 7 8 9 10 | 10.4
Spellcasting   | 3 |  3.5
Dodging        | 3 |  3.0
Air Magic      | 3 7 8 |  8.3
Stealth        | |  1.8

Action                   |  1- 3 |  4- 6 |  7- 9 || total
-------------------------+-------+-------+-------++-------
Melee: Unarmed           |     9 |       |       ||     9
       Dagger            |    49 |   118 |    19 ||   186
       Punch             |     1 |       |     1 ||     2
 Cast: Summon Small Mamm |    26 |     5 |       ||    31
       Call Imp          |     5 |    18 |       ||    23
       Call Canine Famil |       |    25 |     1 ||    26
       Summon Guardian G |       |     8 |       ||     8
       Summon Lightning  |       |       |    19 ||    19
Evoke: Wand              |       |       |     2 ||     2
  Use: Scroll            |       |     4 |     6 ||    10
       Potion            |       |       |     1 ||     1
 Stab: Sleeping          |       |     1 |       ||     1
Armor: Robe              |    20 |    35 |    14 ||    69
Dodge: Dodged            |    49 |   102 |    21 ||   172

Table legend: (Time is in decaauts)
 A = Elapsed time spent in this place.
 B = Non-inter-level travel time spent in this place.
 C = Inter-level travel time spent in this place.
 D = Time resting spent in this place.
 E = Time spent auto-exploring this place.
 F = Levels seen in this place.
 G = Mean time per level.
                   A        B        C        D        E       F      G
               +--------+--------+--------+--------+--------+-----+--------+
         Total |   3028 |   2956 |     72 |      0 |   1007 |   8 |  378.5 |
       Dungeon |   2983 |   2921 |     62 |      0 |   1007 |   7 |  426.1 |
        Temple |     44 |     34 |     10 |      0 |      0 |   1 |   44.0 |
               +--------+--------+--------+--------+--------+-----+--------+

Top non-repeatable levels by time:
     D:3: 766 daAuts
     D:1: 572 daAuts
     D:4: 550 daAuts
     D:5: 494 daAuts
     D:6: 365 daAuts
     D:2: 211 daAuts
  Temple: 44 daAuts
     D:7: 22 daAuts
